 Dungeon Crawl Stone Soup version 0.28.0 (webtiles) character file.

Game seed: 5236213535137569832

41 crazypyro the Covered (level 3, -11/33 HPs)
             Began as a Minotaur Fighter on Feb 8, 2022.
             Splashed by a jelly's acid (12 damage)
             ... on level 2 of the Dungeon.
             The game lasted 00:00:58 (1397 turns).

crazypyro the Covered (Minotaur Fighter)            Turns: 1397, Time: 00:00:58

Health: -11/33     AC:  0    Str: 22    XL:     3   Next: 32%
Magic:  2/2        EV: 24    Int:  5    God:
Gold:   62         SH:  4    Dex:  9    Spells: 2/2 levels left

rFire   . . .      SeeInvis .   a - +0 war axe
rCold   . . .      Faith    .   c - +0 buckler
rNeg    . . .      Spirit   .   b - +0 scale mail
rPois   .          Reflect  .   (helmet restricted)
rElec   .          Harm     +   e - scarf {harm}
rCorr   .          Rampage  .   (no gloves)
Will    .....                   (no boots)
Stlth   ..........              k - amulet of the acrobat
HPRegen 0.11/turn               (no ring)
MPRegen 0.08/turn               (no ring)

@: corroded, acrobatic
A: horns 2, retaliatory headbutt
a: no special abilities


You were on level 2 of the Dungeon.
You visited 1 branch of the dungeon, and saw 2 of its levels.

You collected 62 gold pieces.

Inventory:

Hand Weapons
 a - a +0 war axe (weapon)
Armour
 b - a +0 scale mail (worn)
 c - a +0 buckler (worn)
 e - a scarf of harm (worn)
Jewellery
 k - an amulet of the acrobat (around neck)
Scrolls
 g - 2 scrolls of identify {unknown}
 h - a scroll of enchant armour {unknown}
 j - a scroll of enchant weapon {unknown}
Potions
 d - a potion of might
 f - a potion of ambrosia {unknown}
 i - a potion of heal wounds {unknown}


   Skills:
 + Level 4.0 Fighting
 * Level 3.4 Axes
 + Level 4.0 Armour
 + Level 4.0 Shields


You had 2 spell levels left.
You didn't know any spells.
Your spell library was empty.

Dungeon Overview and Level Annotations

Branches:
Dungeon (2/15)

Altars:


Innate Abilities, Weirdness & Mutations

You have a pair of horns on your head.
You reflexively headbutt those who attack you in melee.


Message History

The frilled lizard hisses angrily.
There is a stone staircase leading down here.
There are monsters nearby!
A jelly comes into view.
The jelly quivers.
A gnoll comes into view. It is wielding a +0 spear.
There are monsters nearby!
The gnoll shouts!
You hear a shout! x2
The adder completely misses you. You furiously retaliate!
You headbutt the adder. You closely miss the adder.
Your headbutt misses the adder.
The adder is severely wounded.
You hit the hobgoblin. The adder completely misses you.
You furiously retaliate!
You headbutt the adder!
You kill the adder!
You block the hobgoblin's attack.
A goblin comes into view. It is wielding a +0 club.
You slash the hobgoblin!
You kill the hobgoblin!
You hit the frilled lizard.
You kill the frilled lizard!
A gnoll comes into view. It is wielding a +0 whip.
You hit the jelly. The acid corrodes you!
Your hands burn!
The jelly is lightly wounded.
The jelly hits you. The acid corrodes you!
You are splashed with acid!
You are too injured to fight recklessly!
You are too injured to fight recklessly!
Unknown command.
You are too injured to fight recklessly!
You are too injured to fight recklessly!
You slash the jelly!
Your hands burn!
* * * LOW HITPOINT WARNING * * *
The jelly is almost dead.
The gnoll barely misses you. The jelly barely misses you.
The gnoll hits you from afar with a +0 spear.
* * * LOW HITPOINT WARNING * * *
The jelly hits you.
* * * LOW HITPOINT WARNING * * *
You are splashed with acid!
You die...

#..>...### #...# #..
##.......# #...# ####
#..####.####...####...
#....##...............
#.##..................
#...................##
#.##...#####...####.##
# #.##...# #...# #...
#.##.#..@.# #...# ####
.......J.# #...#
#####.#..g.###....##
.........>........
.[##g.g.......... .
#.†...........
#................
##...............
#...............


You could see a jelly, 2 gnolls and a goblin.

Vanquished Creatures
  An adder (D:2)
  8 ball pythons
  2 endoplasms
  3 goblins
  5 hobgoblins
  2 jackals (D:1)
  A quokka (D:1)
  3 bats (D:1)
  A frilled lizard (D:2)
  3 kobolds (D:1)
  A rat (D:1)
30 creatures vanquished.

Notes
Turn   | Place    | Note
-------+----------+-------------------------------------------
     0 | D:1      | crazypyro the Minotaur Fighter began the quest for the Orb.
     0 | D:1      | Reached XP level 1. HP: 19/19 MP: 0/0
   162 | D:1      | Found a faded altar of an unknown god.
   246 | D:1      | Reached XP level 2. HP: 27/27 MP: 1/1
  1290 | D:2      | Reached XP level 3. HP: 33/33 MP: 2/2
  1393 | D:2      | HP: 1/33 [gnoll (7)]
  1397 | D:2      | Splashed by a jelly's acid

Illustrated notes

Levels and vault maps discovered:
D:1:      shiori_shiawase, layout_basic, nicolae_ecumenical_snake_handling,
          hangedman_decor_growths, minmay_pentomino_v2
D:2:      layout_loops_cross, minmay_bisected

Skill      XL: |  1  2 |
---------------+-------+-----
Axes           | 3 |  3.4
Armour         | 4 |  4.0
Shields        | 4 |  4.0
Fighting       | 4 |  4.0

Action                   || total
-------------------------++-------
Melee: War axe           ||    47
       Headbutt          ||     3
Armor: Scale mail        ||    17
Dodge: Dodged            ||    16
Block: Buckler           ||    15
